 Dungeon Sprint DCSS version 0.23-a0-586-gacb4b3f (webtiles) character file.

433 JosiahThimblerig the Cleaver (level 7, -4/70 HPs)
             Began as a Hill Orc Fighter on Dec 18, 2018.
             Was an Initiate of Vehumet.
             Shot with an arrow by a centaur warrior (14 damage)
             ... in the Dungeon (Sprint I: "Red Sonja").
             The game lasted 00:06:13 (1157 turns).

JosiahThimblerig the Cleaver (Hill Orc Fighter)     Turns: 1157, Time: 00:06:13

Health: -4/70      AC:  8    Str: 19    XL:     7   Next: 0%
Magic:  7/7        EV:  9    Int:  9    God:    Vehumet [......]
Gold:   24         SH: 11    Dex: 11    Spells: 6/6 levels left

rFire    . . .     SeeInvis .   a - +0 war axe
rCold    . . .     Gourm    .   c - +0 shield
rNeg     . . .     Faith    .   b - +0 scale mail
rPois    .         Spirit   .   (no helmet)
rElec    .         Reflect  .   (no cloak)
rCorr    .         Harm     .   (no gloves)
MR       .....     NoTele   +   (no boots)
Stlth    ..........             (no amulet)
HPRegen  0.21/turn              (no ring)
MPRegen  0.10/turn              (no ring)

@: no status effects
A: no striking features
a: Renounce Religion


You were in the Dungeon.
You worshipped Vehumet.
Vehumet was noncommittal.
You were not hungry.

You visited 1 branch You collected 313 gold pieces.
You spent 289 gold pieces at shops.

Inventory:

Hand Weapons
 a - a +0 war axe (weapon)
 l - a +0 club
 o - a +0 giant club
Missiles
 r - 12 stones (quivered)
Armour
 b - a +0 scale mail (worn)
 c - a +0 shield (worn)
 m - a +0 leather armour
 p - a +0 robe
Scrolls
 k - a scroll of blinking
 q - a scroll of remove curse
 s - a scroll of identify
Potions
 d - 2 potions of might
 e - a potion of curing
 g - 2 potions of heal wounds
 h - a potion of haste
 i - 2 potions of magic
 j - a potion of berserk rage
 n - a potion of ambrosia {unknown}
Comestibles
 f - a ration


   Skills:
 + Level 9.1 Fighting
 + Level 10.1 Axes
 + Level 8.6 Armour
 + Level 1.8 Dodging
 + Level 0.2 Stealth
 + Level 7.9 Shields


You had 6 spell levels left.
You didn't know any spells.
Your spell library was empty.

Dungeon Overview and Level Annotations

Branches:
Dungeon (1/1)

Altars:
Cheibriados
Dithmenos
Elyvilon
Fedhas
Gozag
Hepliaklqana
Kikubaaqudgha
Nemelex Xobeh
Okawaru
Qazlal
Ru
Sif Muna
Trog
Uskayaw
Vehumet
Wu Jian
Yredelemnul
Zin
The Shining One

Shops:
D *


Message History

The centaur warrior hits you.
* * * LOW HITPOINT WARNING * * *
Unknown command.
The centaur warrior wields a +0 longbow.
The centaur warrior shoots an arrow.
The arrow hits you.
* * * LOW HITPOINT WARNING * * *
You see here an arrow.
The centaur warrior wields a +0 shortbow.
The centaur warrior shoots an arrow.
You block the arrow.
You see here an arrow.
The centaur warrior shoots an arrow.
The arrow completely misses you.
There is an open door here.
The centaur warrior unwields a +0 shortbow.
The centaur warrior barely misses you.
You barely miss the centaur warrior.
The centaur warrior is lightly wounded.
You hit the centaur warrior but do no damage.
The centaur warrior is lightly wounded.
The centaur warrior shoots an arrow.
The arrow hits you!
You die...

################
#<.#..'..#..'..#
#..'..#..').#@c+
#..#####'#####'# ##
#..####..#...#c####§?#
#..#__####..##(#§≈§§§#
#..#_____##'#_.§§§§§§+
#⌠⌠#_.∩...'..._#c§§.§#
####_..__##_.#'##+####
#_____###+#.# #######
###


You could see 2 centaur warriors.

Vanquished Creatures
  Sigmund (D)
  A yak (D)
  An ogre (D)
  A jelly (D)
  Ijyb (D)
5 creatures vanquished.

Notes
Turn   | Place    | Note
-------+----------+-------------------------------------------
     0 | D        | JosiahThimblerig the Hill Orc Fighter began the quest for
                  | the Orb.
     0 | D        | Reached XP level 1. HP: 19/19 MP: 1/1
     2 | D        | Noticed Ijyb
    19 | D        | Killed Ijyb
    19 | D        | Reached skill level 5 in Fighting
    19 | D        | Reached skill level 4 in Axes
    19 | D        | Reached XP level 2. HP: 23/29 MP: 2/2
    19 | D        | Reached XP level 3. HP: 29/36 MP: 3/3
   214 | D        | Noticed an ogre
   222 | D        | Killed an ogre
   222 | D        | Reached skill level 6 in Axes
   222 | D        | Reached skill level 5 in Shields
   222 | D        | Reached XP level 4. HP: 26/45 MP: 4/4
   578 | D        | Noticed Sigmund
   597 | D        | Killed Sigmund
   597 | D        | Reached skill level 8 in Axes
   597 | D        | Reached skill level 1 in Dodging
   597 | D        | Reached XP level 5. HP: 36/53 MP: 5/5
   597 | D        | Reached XP level 6. HP: 42/61 MP: 6/6
   871 | D        | Found an ornate altar of the Wu Jian Council.
   871 | D        | Found a deep blue altar of Sif Muna.
   873 | D        | Found a radiant altar of Vehumet.
  1094 | D        | Became a worshipper of Vehumet
  1105 | D        | Found Tysautsi's General Store.
  1105 | D        | Found an ancient bone altar of Kikubaaqudgha.
  1105 | D        | Found a hazy altar of Hepliaklqana.
  1105 | D        | Found a stormy altar of Qazlal.
  1105 | D        | Found a hide-covered altar of Uskayaw.
  1105 | D        | Found a blossoming altar of Fedhas.
  1105 | D        | Found a bloodstained altar of Trog.
  1105 | D        | Found an iron altar of Okawaru.
  1105 | D        | Found a basalt altar of Yredelemnul.
  1105 | D        | Found a glowing golden altar of the Shining One.
  1105 | D        | Found a snail-covered altar of Cheibriados.
  1105 | D        | Found a sacrificial altar of Ru.
  1105 | D        | Found a glowing silver altar of Zin.
  1105 | D        | Found a shadowy altar of Dithmenos.
  1105 | D        | Found a white marble altar of Elyvilon.
  1105 | D        | Noticed a yak
  1113 | D        | Killed a yak
  1113 | D        | Reached skill level 10 in Axes
  1113 | D        | Reached XP level 7. HP: 68/70 MP: 7/7
  1114 | D        | Found an opulent altar of Gozag.
  1115 | D        | Found a sparkling altar of Nemelex Xobeh.
  1119 | D        | Bought 2 potions of heal wounds for 140 gold pieces
  1119 | D        | Bought a scroll of remove curse for 42 gold pieces
  1119 | D        | Bought 17 stones for 23 gold pieces
  1119 | D        | Bought a potion of might for 56 gold pieces
  1119 | D        | Bought a scroll of identify for 28 gold pieces
  1135 | D        | Noticed a centaur warrior
  1139 | D        | Noticed a centaur warrior
  1157 | D        | Shot with an arrow by a centaur warrior

Vault maps used:
D:        dungeon_sprint_1

Skill      XL: |  1  2  3  4  5  6 |
---------------+-------------------+-----
Fighting       | 5 6 8 9 |  9.1
Axes           | 4 6 8 10 | 10.1
Armour         | 4 6 7 8 |  8.6
Shields        | 4 5 7 |  7.9
Dodging        | 1 |  1.8
Stealth        | |  0.2

Action                   |  1- 3 |  4- 6 |  7- 9 || total
-------------------------+-------+-------+-------++-------
Melee: War axe           |    25 |    24 |    11 ||    60
Throw: Stone             |       |       |     5 ||     5
  Use: Potion            |       |       |     1 ||     1
  Eat: Ration            |       |       |     1 ||     1
Armor: Scale mail        |     4 |     4 |     3 ||    11
Dodge: Dodged            |     6 |     4 |     8 ||    18
Block: Shield            |     8 |    10 |     9 ||    27

Table legend:
 A = Non-vault XP
 B = Vault XP
 C = Vault XP percentage of total XP
 D = Non-vault monster count
 E = Vault monster count
 F = Vault count percentage of total count
                 A         B        C        D         E       F
            +---------+---------+-------+---------+---------+-------
      Total |       0 |     619 | 100.0 |       0 |       5 | 100.0
            +---------+---------+-------+---------+---------+-------
          D |       0 |     619 | 100.0 |       0 |       5 | 100.0
            +---------+---------+-------+---------+---------+-------
